 Dungeon Crawl Stone Soup version 0.19.0-19-g8c6edcc (webtiles) character file.

3511 Bluestream the Basher (level 9, -1/82 HPs)
             Began as a Minotaur Fighter on Nov 13, 2016.
             Was an Elder of Okawaru.
             Slain by Grum
             ... wielding a -2 halberd
              (9 damage)
             ... on level 8 of the Dungeon.
             The game lasted 00:09:47 (7184 turns).

Bluestream the Basher (Minotaur Fighter)            Turns: 7184, Time: 00:09:48

Health: -1/82      AC: 16    Str: 20    XL:     9   Next: 81%
Magic:  8/8        EV:  5    Int:  5    God:    Okawaru [****..]
Gold:   453        SH: 11    Dex: 14    Spells: 0 memorised, 8 levels left

rFire  . . .     SeeInvis .     a - +0 flail
rCold  . . .     Gourm    .     z - +0 plate armour
rNeg   . . .     Faith    .     c - +0 shield
rPois  .         Spirit   .     (helmet restricted)
rElec  .         Reflect  .     C - +0 cloak
rCorr  .         Harm     .     (no gloves)
MR     +....                    w - +0 pair of boots
Stlth  ..........               (no amulet)
                                (no ring)
                                b - ring of protection from magic

@: no status effects
A: retaliatory headbutt, horns 2
a: Heroism, Renounce Religion


You were on level 8 of the Dungeon.
You worshipped Okawaru.
Okawaru was greatly pleased with you.
You were not hungry.

You visited 2 branches of the dungeon, and saw 9 of its levels.
You also visited: Sewer.

You collected 453 gold pieces.

Inventory:

Hand Weapons
 a - a +0 flail (weapon)
Armour
 c - a +0 shield (worn)
 w - a +0 pair of boots (worn)
 z - a +0 plate armour (worn)
 C - a +0 cloak (worn)
Jewellery
 b - a ring of protection from magic (left hand)
 t - a +2 amulet of reflection {unknown}
Wands
 A - a wand of polymorph (9/24)
 H - a wand of iceblast (7/15)
Scrolls
 g - 2 scrolls of magic mapping {unknown}
 i - 5 scrolls of identify {unknown}
 k - 3 scrolls of fog {unknown}
 l - 2 scrolls of immolation {unknown}
 o - a scroll of blinking {unknown}
 r - a scroll of amnesia {unknown}
 s - a scroll of fear {unknown}
 y - 2 scrolls of enchant weapon {unknown}
 G - a scroll of teleportation {unknown}
Potions
 d - 3 potions of might
 e - a potion of cancellation {unknown}
 j - 2 potions of heal wounds
 m - a potion of resistance {unknown}
 p - a potion of brilliance {unknown}
 q - 2 potions of lignification {unknown}
 x - 2 potions of mutation {unknown}
 B - a potion of invisibility {unknown}
 D - a potion of haste {unknown}
 E - 2 potions of curing {unknown}
Books
 F - a book of Changes

   Spells                             Type                      Level
   a - Beastly Appendage              Transmutation                1
   b - Sticks to Snakes               Transmutation                2
   c - Spider Form                    Transmutation/Poison         3
   d - Ice Form                       Ice/Transmutation            4
   e - Blade Hands                    Transmutation                5
Comestibles
 f - 5 bread rations
 h - a beef jerky
 n - 4 meat rations
 u - 4 fruits
 v - 6 chunks of flesh


   Skills:
 + Level 8.3 Fighting
 * Level 11.0 Maces & Flails
 + Level 8.1 Armour
 + Level 8.3 Shields


You had 8 spell levels left.
You didn't know any spells.

Dungeon Overview and Level Annotations

Branches:
Dungeon (8/15)             Temple (1/1) D:4            Lair (0/6) D:8

Altars:
Ashenzari
Cheibriados
Dithmenos
Elyvilon
Fedhas
Hepliaklqana
Kikubaaqudgha
Makhleb
Nemelex Xobeh
Okawaru
Qazlal
Ru
Sif Muna
Trog
Uskayaw
Vehumet
Xom
Yredelemnul
Zin
The Shining One

Shops:
D:5 [[

Annotations:
D:6 exclusion: oklob plant
D:8 Grum


Innate Abilities, Weirdness & Mutations

You reflexively headbutt those who attack you in melee.
You have a pair of horns on your head.


Message History

Grum hits you from afar with a halberd!!
* * * LOW HITPOINT WARNING * * *
You are too injured to fight recklessly!
You are too injured to fight recklessly!
You barely miss the wolf.
The wolf is severely wounded.
The wolf bites you!
* * * LOW HITPOINT WARNING * * *
The wolf bites you.
* * * LOW HITPOINT WARNING * * *
You block Grum's attack. The wolf bites you but does no damage.
There is an open door, spattered with blood here.
You completely miss Grum. The wolf bites you.
* * * LOW HITPOINT WARNING * * *
You block Grum's attack. The wolf bites you.
* * * LOW HITPOINT WARNING * * *
You thump Grum!
Grum is moderately wounded.
The wolf barely misses you. Grum hits you with a halberd!
You die...

....... .......
....... .......
....... .......
...... #....#
#.... #....#
#....##....+
#...g#†....# #
#....@.....##..
.......#h........
.########....##.
##...###....#
#...........#
######......#
.......#.....+
.#...#.......#
#..P##...######+##


You could see Grum and a wolf.

Vanquished Creatures
  Prince Ribbit (D:5)
  6 yaks (D:7)
  Sigmund (D:3)
  Menkaure (D:4)
  Duvessa (D:6)
  Purgy (Sewer)
  A phantom (D:7)
  An ice beast (D:7)
  3 ogres
  4 centaurs
  3 wolves (D:8)
  A gnoll sergeant (D:5)
  5 scorpions
  Dowan (D:6)
  A howler monkey (D:4)
  2 crimson imps
  2 jellies
  A gnoll shaman (D:5)
  2 iguanas
  Ijyb (D:3)
  Jessica (D:3)
  5 worker ants
  A mummy (D:5)
  A worker ant zombie (D:7)
  Robin (D:3)
  5 gnolls (D:5)
  6 adders
  A shadow imp (D:6)
  2 oozes
  A worm (D:3)
  2 dart slugs
  5 leopard geckos
  2 orcs
  8 giant cockroaches
  16 goblins
  7 hobgoblins
  10 jackals
  2 quokkas
  5 ball pythons
  8 bats
  5 frilled lizards
  A giant cockroach zombie (D:5)
  2 goblin zombies (D:5)
  A jackal skeleton (D:5)
  4 kobolds
  A quokka skeleton (D:5)
  3 rats
145 creatures vanquished.

Notes
Turn   | Place    | Note
-------+----------+-------------------------------------------
     0 | D:1      | Bluestream the Minotaur Fighter began the quest for the Orb.
     0 | D:1      | Reached XP level 1. HP: 19/19 MP: 0/0
   407 | D:1      | Reached XP level 2. HP: 25/26 MP: 1/1
   410 | D:1      | Reached skill level 3 in Maces & Flails
   680 | D:2      | Reached XP level 3. HP: 13/33 MP: 2/2
  1025 | D:2      | Found a glowing golden altar of the Shining One.
  1321 | D:3      | Reached skill level 4 in Maces & Flails
  1321 | D:3      | Reached XP level 4. HP: 6/40 MP: 3/3
  1325 | D:3      | HP: 2/40 [poisoned by a worker ant]
  1681 | D:3      | Noticed Ijyb
  1685 | D:3      | Noticed Jessica
  1690 | D:3      | Killed Ijyb
  1694 | D:3      | Killed Jessica
  1694 | D:3      | Reached XP level 5. HP: 44/46 MP: 4/4
  1727 | D:3      | Noticed Sigmund
  1737 | D:3      | Killed Sigmund
  1737 | D:3      | Reached skill level 5 in Maces & Flails
  1737 | D:3      | Reached skill level 5 in Shields
  1737 | D:3      | Reached XP level 6. HP: 44/53 MP: 5/5
  1865 | D:3      | Noticed Robin
  1886 | D:3      | Killed Robin
  2266 | D:4      | Found a staircase to the Ecumenical Temple.
  2302 | Temple   | Entered the Ecumenical Temple
  2343 | Temple   | Became a worshipper of Warmaster Okawaru
  2453 | D:4      | Found a bloodstained altar of Trog.
  2485 | D:4      | Reached skill level 5 in Armour
  2545 | D:4      | Reached skill level 5 in Fighting
  2545 | D:4      | Reached skill level 6 in Maces & Flails
  2732 | D:5      | Entered Level 5 of the Dungeon
  2739 | D:5      | Noticed Menkaure
  3197 | D:4      | Killed Menkaure
  3197 | D:4      | Reached * piety under Okawaru
  3197 | D:4      | Reached XP level 7. HP: 27/61 MP: 6/6
  3418 | D:5      | Found Rukhirul's Antique Armour Shop.
  3467 | D:5      | Reached skill level 7 in Maces & Flails
  3584 | D:5      | Noticed Prince Ribbit
  3610 | D:5      | Killed Prince Ribbit
  3610 | D:5      | Reached XP level 8. HP: 32/70 MP: 7/7
  4066 | D:5      | Found Sixa's Antique Armour Shoppe.
  4091 | D:5      | Reached skill level 8 in Maces & Flails
  4564 | D:5      | Reached ** piety under Okawaru
  4963 | D:6      | Found a shadowy altar of Dithmenos.
  4963 | D:6      | Noticed an oklob plant
  5031 | D:6      | Noticed Dowan
  5034 | D:6      | Noticed Duvessa
  5037 | D:6      | Killed Dowan
  5051 | D:6      | Killed Duvessa
  5207 | D:6      | Reached skill level 9 in Maces & Flails
  5436 | D:6      | Found a glowing drain.
  5451 | Sewer    | Entered a sewer
  5472 | Sewer    | Noticed Purgy
  5492 | Sewer    | Killed Purgy
  5873 | D:7      | Found a shattered altar of Ashenzari.
  6107 | D:7      | Reached XP level 9. HP: 78/79 MP: 8/8
  6216 | D:7      | Reached *** piety under Okawaru
  6220 | D:7      | HP: 2/79 [yak (5)]
  6230 | D:7      | Reached skill level 10 in Maces & Flails
  7138 | D:8      | Found a staircase to the Lair.
  7160 | D:8      | Noticed Grum
  7178 | D:8      | Reached **** piety under Okawaru
  7178 | D:8      | Reached skill level 11 in Maces & Flails
  7184 | D:8      | Slain by Grum

Skill      XL: |  1  2  3  4  5  6  7  8  9 |
---------------+----------------------------+-----
Maces & Flails | 3 4 5 6 7 9 11 | 11.0
Shields        | 4 5 6 7 8 |  8.3
Armour         | 4 5 6 7 8 |  8.1
Fighting       | 4 5 6 7 8 |  8.3

Action                   |  1- 3 |  4- 6 |  7- 9 || total
-------------------------+-------+-------+-------++-------
Melee: Flail             |   110 |    89 |   327 ||   526
       Headbutt          |    17 |    18 |    72 ||   107
  Use: Potion            |       |     1 |     1 ||     2
  Eat: Chunk             |     1 |     4 |    14 ||    19
       Fruit             |       |     2 |       ||     2
Armor: Scale mail        |    60 |    28 |       ||    88
       Plate armour      |       |     3 |   204 ||   207
Dodge: Dodged            |    33 |    16 |    51 ||   100
Block: Shield            |    59 |    46 |   218 ||   323
